Cogmind - Beta 15 @@@ ROGUE MODE // 2025.08.30 @ 10:49:01 Player: WitherScout Result: Destroyed by S-10 Pest with Light Assault Rifle Performance ------------- Evolutions (0) 0 Regions Visited (3) 600 Robots Destroyed (7) 35 Value Destroyed (127) 127 Prototype IDs (0) 0 Alien Tech Used (0) 0 Bonus (0) 0 TOTAL SCORE: 762 Bonus ------- None Cogmind --------- Core Integrity 0/250 Matter 290/300 Energy 77/100 System Corruption 0% Temperature Cool (0) Movement Core (100) Ox1 Location -10/Subcaves Parts ------- > --- POWER (1) -------- (None) > --- PROPULSION (2) --- (None) > --- UTILITY (2) ------ Small Storage Unit Structural Scanner > --- WEAPON (2) ------- (None) > --- INVENTORY (8) ---- Light Ion Engine Light Ion Engine Flight Unit Flight Unit Flight Unit Flight Unit Seismic Detector Rocket Launcher Peak State ------------ > --- POWER ------------ Light Ion Engine > --- PROPULSION ------- Wheel Compact Wheel > --- UTILITY ---------- Small Storage Unit Structural Scanner > --- WEAPON ----------- Medium Laser Assault Rifle > --- INVENTORY -------- Light Ion Engine [Rating: 7] Favorites ----------- Power Ion Engine Engine Ion Engine Propulsion Wheel Wheel Wheel Flight Unit Flight Unit Utility Small Storage Unit Device Structural Scanner Storage Small Storage Unit Weapon Assault Rifle Energy Gun Medium Laser Ballistic Gun Assault Rifle Build | -11 -10 -10 -10 ------- Run | Yrd Mat Min Sub Slots Evolved . | . . . . Power . | . . . . Propulsion . | . . . . Utility . | . . . . Weapon . | . . . . Parts Attached 12 | 6 5 . 1 Power 3 | 1 2 . . Engine 3 | 1 2 . . Core . | . . . . Reactor . | . . . . Propulsion 4 | 2 1 . 1 Treads . | . . . . Leg . | . . . . Wheel 3 | 2 1 . . Hover . | . . . . Flight 1 | . . . 1 Utility 3 | 1 2 . . Device 2 | . 2 . . Storage 1 | 1 . . . Processor . | . . . . Hackware . | . . . . Protection . | . . . . Artifact . | . . . . Weapon 2 | 2 . . . Energy Gun 1 | 1 . . . Energy Cannon . | . . . . Ballistic Gun 1 | 1 . . . Ballistic Cannon . | . . . . Launcher . | . . . . Special Weapon . | . . . . Impact Weapon . | . . . . Slashing Weapon . | . . . . Piercing Weapon . | . . . . Special Melee Weapon . | . . . . Unidentified Prototypes . | . . . . Parts Lost 6 | . 1 . 5 Power 1 | . . . 1 Propulsion 3 | . 1 . 2 Utility . | . . . . Weapon 2 | . . . 2 Highest Loss Streak 4 | . 1 . 4 To Critical Strikes . | . . . . Average Backups 6 | . 6 8 8 Power 1 | . 2 2 2 Propulsion 3 | . 3 4 4 Utility . | . . 1 1 Weapon . | . . . 1 Tool/Special . | . . . . Unused Backups 8 | . . 1 7 Power 2 | . . . 2 Propulsion 5 | . . 1 4 Utility . | . . . . Weapon 1 | . . . 1 Tool/Special . | . . . . Average Slot Usage (%) 92 | . 95 100 68 Engine 13 | . 14 14 7 Wheel 24 | . 25 28 16 Device 13 | . 12 14 14 Storage 14 | . 14 14 14 Energy Gun 13 | . 14 14 7 Ballistic Gun 13 | . 14 14 7 Peak Build Rating 7 | 6 7 7 7 Average Rating 6 | 4 6 7 4 On Entrance 5 | . 6 7 7 Naked Turns . | . . . . Heaviest Build 15 | 12 15 15 15 Greatest Support 26 | 26 26 26 26 Greatest Overweight (x) 1 | 1 . . 1 Average Overweight (x) . | . . . . Largest Inventory Capacity 8 | 8 8 8 8 Average Capacity 7 | 7 8 8 8 Most Carried 8 | 1 8 8 8 Average Carried 6 | . 6 7 8 Final Capacity 8 | 8 8 8 8 Final Carried 8 | 1 8 8 8 Class Distribution -------------------- 100% | Mutant Dominant Class ---------------- Mutant | -10/Materials Mutant | -10/Mines Mutant | -10/Subcaves Resources | -11 -10 -10 -10 ----------- Run | Yrd Mat Min Sub Matter Collected 369 | 198 165 . 6 Remotely . | . . . . Salvage Created 206 | . 196 . 10 Parts 11 | . 11 . . Haulers Intercepted . | . . . . Recyclers Shooed . | . . . . Parts Field Recycled . | . . . . Retrieved Matter . | . . . . Parts Self-Destructed 2 | . . . 2 Prevented . | . . . . Kills | -11 -10 -10 -10 ------- Run | Yrd Mat Min Sub Combat Hostiles Destroyed 6 | . 5 . 1 Guns 6 | . 5 . 1 Classes Destroyed 3 | . 3 . . Recycler 1 | . 1 . . Swarmer 4 | . 3 . 1 Grunt 2 | . 2 . . Best Kill Streak 4 | . 4 . 1 Combat Bots Only 3 | . 3 . 1 Max Kills in Single Turn 1 | . 1 . 1 Gunslinging . | . . . . Exploded . | . . . . Melee . | . . . . Uniques/NPCs Destroyed . | . . . . Combat | -11 -10 -10 -10 -------- Run | Yrd Mat Min Sub Hostile Shots Fired 92 | . 32 . 60 Missed 34 | . 6 . 28 Hits 58 | . 26 . 32 Projectile 58 | . 26 . 32 Damage Taken 669 | . 288 . 381 Core 252 | . 92 . 160 Absorbed by Shields . | . . . . Core Remaining (%) 100 | 100 . . . Volleys Fired 18 | . 16 . 2 Largest 2 | . 2 . 2 Hottest 70 | . 70 . 70 Shots Fired 36 | . 32 . 4 Gun 36 | . 32 . 4 Cannon . | . . . . Launcher . | . . . . Special . | . . . . Kinetic 18 | . 16 . 2 Thermal 18 | . 16 . 2 Explosive . | . . . . Electromagnetic . | . . . . Robot Hit Streak 7 | . 7 . 1 Robot Miss Streak 2 | . 2 . 2 Penetration Max . | . . . . Secondary Targets 3 | . 2 . 1 Max Gunslinging Chain 1 | . 1 . 1 Shots Hit Robots 23 | . 22 . 1 Core Hits 10 | . 9 . 1 Critical Kills . | . . . . Critical Parts Destroyed . | . . . . Critical Strikes 1 | . 1 . . Burn 1 | . 1 . . Melee Attacks . | . . . . Impact . | . . . . Slashing . | . . . . Piercing . | . . . . Sneak Attacks . | . . . . Combat Hostiles . | . . . . Follow-up Attacks . | . . . . Damage Inflicted 294 | . 282 . 12 Guns 294 | . 282 . 12 Cannons . | . . . . Explosions . | . . . . Melee . | . . . . Ramming . | . . . . Kinetic 132 | . 132 . . Thermal 162 | . 150 . 12 Explosive . | . . . . Electromagnetic . | . . . . Impact . | . . . . Slashing . | . . . . Piercing . | . . . . Highest Corruption . | . . . . Average Corruption . | . . . . Corruption Purged . | . . . . Corruption Blocked . | . . . . Overload Shots . | . . . . Overflow Damage . | . . . . Projectiles . | . . . . Explosions . | . . . . Melee . | . . . . Knockbacks . | . . . . Impact . | . . . . Kinetic . | . . . . Secondary . | . . . . Self-Inflicted Damage . | . . . . Shots . | . . . . Rammed . | . . . . Targets Rammed . | . . . . Kicked . | . . . . Crushed . | . . . . Highest Temperature 215 | . 215 . . Average Temperature 87 | . 87 . . Received Heat Transfer 240 | . 123 . 117 Siege Activations . | . . . . Martial Activations . | . . . . Shielding Activations . | . . . . Robots Disrupted . | . . . . Combat Hostiles . | . . . . Robots Corrupted . | . . . . Combat Hostiles . | . . . . Parts Fried . | . . . . Impact Corruptions . | . . . . Robots Melted . | . . . . Combat Hostiles . | . . . . Parts Melted 1 | . 1 . . Heat Transferred 555 | . 518 . 37 Parts Sabotaged . | . . . . Parts Stolen . | . . . . Parts Stripped . | . . . . Power Chain Reactions . | . . . . Alert | -11 -10 -10 -10 ------- Run | Yrd Mat Min Sub Maximum Alert Level . | . . . . Low Security (%) 100 | 100 100 100 . Level 1 . | . . . . Level 2 . | . . . . Level 3 . | . . . . Level 4 . | . . . . Level 5 . | . . . . High Security . | . . . . Max Security . | . . . . Peak Influence 65 | . 65 . . Initial . | . . . . Average 11 | . 22 . . Influence Increases 155 | . 135 . 20 Destroy 0b10 Robot/C 120 | . 100 . 20 Destroy 0b10 Robot/NC 5 | . 5 . . Destroy Leader 20 | . 20 . . Successful Hack 10 | . 10 . . Influence Decreases 155 | . 135 . 20 Time Decay 135 | . 135 . . Lost Part 20 | . . . 20 Squads Dispatched 1 | . 1 . . Investigation . | . . . . Extermination . | . . . . Reinforcement 1 | . 1 . . Assault . | . . . . Garrison . | . . . . Intercept . | . . . . Searches Triggered . | . . . . Construction Impeded . | . . . . Haulers Reinforced . | . . . . Active Scanning Responses . | . . . . Cargo Convoy Interrupts . | . . . . Stealth | -11 -10 -10 -10 --------- Run | Yrd Mat Min Sub Distress Signals 2 | . 2 . . Communications Jammed . | . . . . Distress Signals . | . . . . Times Spotted 23 | . 12 . 11 Peak Tracking Total 10 | . 5 . 10 Tactical Retreats . | . . . . Traps | -11 -10 -10 -10 ------- Run | Yrd Mat Min Sub Traps Triggered . | . . . . Indirectly . | . . . . Trap Hack Attempts . | . . . . Triggered . | . . . . Disarmed . | . . . . Reprogrammed . | . . . . Reused . | . . . . Traps Extracted . | . . . . Installed . | . . . . Triggered . | . . . . Machines | -11 -10 -10 -10 ---------- Run | Yrd Mat Min Sub Machines Disabled . | . . . . Max in Single Turn . | . . . . Machines Repaired . | . . . . Machines Dismantled . | . . . . Machines Sabotaged . | . . . . Overloaded Fab Kills . | . . . . Hacking | -11 -10 -10 -10 --------- Run | Yrd Mat Min Sub Machines Accessed 2 | . 2 . . Terminals 2 | . 2 . . Fabricators . | . . . . Repair Stations . | . . . . Recycling Units . | . . . . Scanalyzers . | . . . . Garrison Access . | . . . . Total Hacks 7 | . 7 . . Successful 4 | . 4 . . Failed 3 | . 3 . . Catastrophic . | . . . . Database Lockouts . | . . . . Manual 2 | . 2 . . Terminals 7 | . 7 . . Fabricators . | . . . . Repair Stations . | . . . . Recycling Units . | . . . . Scanalyzers . | . . . . Garrison Access . | . . . . Terminal Hacks 4 | . 4 . . Locate Traps 1 | . 1 . . Recall Reinforcements 1 | . 1 . . Zone Layout 2 | . 2 . . Fabricator Hacks . | . . . . Repair Station Hacks . | . . . . Recycling Unit Hacks . | . . . . Scanalyzer . | . . . . Garrison Access Hacks . | . . . . Unauthorized Hacks . | . . . . Terminals . | . . . . Fabricators . | . . . . Repair Stations . | . . . . Recycling Units . | . . . . Scanalyzers . | . . . . Garrison Access . | . . . . Data Cores Recovered . | . . . . Used . | . . . . Hacking Detections 2 | . 2 . . Full Trace Events 2 | . 2 . . Feedback Events . | . . . . Feedback Blocked . | . . . . Robot Schematics Acquired . | . . . . Robots Built . | . . . . Authchips . | . . . . Time . | . . . . Total Robot Build Rating . | . . . . Part Schematics Acquired . | . . . . Parts Built . | . . . . Authchips . | . . . . Time . | . . . . Total Part Build Rating . | . . . . Parts Repaired . | . . . . Time . | . . . . Parts Recycled . | . . . . Recycled Matter . | . . . . Retrieved Matter . | . . . . Retrieved Components . | . . . . Parts Scanalyzed . | . . . . Part Schematics Acquired . | . . . . Parts Damaged . | . . . . Bothacking | -11 -10 -10 -10 ------------ Run | Yrd Mat Min Sub Used RIF Installer . | . . . . Robots Hacked . | . . . . Non-combat . | . . . . Combat . | . . . . Robot Hacks Applied . | . . . . Relay Couplers Released . | . . . . Fabnet Peak Effective % . | . . . . Robots Rewired . | . . . . Allies Hacked . | . . . . Hacks Repelled . | . . . . Allies | -11 -10 -10 -10 -------- Run | Yrd Mat Min Sub Total Allies . | . . . . Largest Group . | . . . . Highest-Rated Group . | . . . . Highest-Rated Ally . | . . . . Total Orders . | . . . . Ally Attacks . | . . . . Total Damage . | . . . . Kills . | . . . . Allies Corrupted . | . . . . Allies Melted . | . . . . Intel | -11 -10 -10 -10 ------- Run | Yrd Mat Min Sub Active Infowar (turns) 660 | . 301 259 100 Structural 378 | . 111 167 100 Seismic 282 | . 190 92 . Robot Analysis Total . | . . . . Derelict Logs Recovered 2 | . . 2 . Drone Launches . | . . . . Drone Recoveries . | . . . . Exploration | -11 -10 -10 -10 ------------- Run | Yrd Mat Min Sub Turns Passed 729 | 51 319 259 100 Spaces Moved 528 | 46 253 125 104 Core 8 | 3 . . 5 Treads . | . . . . Legs . | . . . . Wheels 520 | 43 253 125 99 Hover . | . . . . Flight . | . . . . Fastest Speed 50 | 50 90 90 80 Average Speed 90 | 88 92 90 86 Slowest Speed 100 | 100 100 90 100 Overloaded Moves . | . . . . Propulsion Burnouts . | . . . . Robots Hopped . | . . . . Potential Cave-ins . | . . . . Cave-ins Triggered . | . . . . Exploration Rate (%) 26 | 4 43 42 15 Regions Visited 3 Branch Regions 2 Pre-discovered Areas . | . . . . Known Exits Taken . | . . . . Unknown Exits Taken 3 | 1 1 1 . Scrap Searched . | . . . . Spaces Dug . | . . . . Terrain Destroyed . | . . . . Melee . | . . . . Projectile . | . . . . AOE . | . . . . Terrain Rammed . | . . . . Walls Destroyed . | . . . . Machines Disabled . | . . . . Actions | -11 -10 -10 -10 --------- Run | Yrd Mat Min Sub Total 737 | 52 304 271 110 Wait 166 | . 20 144 2 Move 525 | 45 252 124 104 Hop . | . . . . Pick Up 9 | 1 7 1 . Fast Attach 9 | 6 2 . 1 Attach . | . . . . Detach . | . . . . Swap 6 | . 5 1 . Drop 4 | . 2 1 1 Fire 18 | . 16 . 2 Melee . | . . . . Ram . | . . . . Kick . | . . . . Crush . | . . . . Escape Stasis . | . . . . Rewire . | . . . . Trap . | . . . . Miscellaneous . | . . . . Route ------- -11/Scrapyard -10/Materials (discovered 3 exits: [*Mat] / [*Min x2]) -10/Mines -10/Subcaves (discovered 1 exit: [*Rec]) History --------- Turn | Location | Event 8 | -11/Scrapyard | Discovered new exit (range 16) 52 | -11/Scrapyard | Entered Materials 206 | -10/Materials | Discovered new exit (range 19) 206 | -10/Materials | Discovered new exit (range 8) 242 | -10/Materials | Discovered new exit (range 8) 304 | -10/Materials | Build established: Mutant 371 | -10/Materials | Entered Mines 459 | -10/Mines | Received a Rocket Launcher from a helpful Derelict 577 | -10/Mines | Discovered new exit (range 8) 630 | -10/Mines | Entered Subcaves 713 | -10/Subcaves | Lost 4 parts (1p1n2w) 721 | -10/Subcaves | Discovered new exit (range 14) 725 | -10/Subcaves | Core integrity fell below 50% 728 | -10/Subcaves | Core integrity fell below 20% 730 | -10/Subcaves | Destroyed by S-10 Pest with Light Assault Rifle Last Messages --------------- T-07 Excavator is excavating. LOCATION=UNKNOWN AMBIENT_HEAT=-10 GOAL=ESCAPE Com. Wheel destroyed. Subatomizers dissect the Disposable Heat Sink. S-10 Pest destroyed. Switching to secondary target: K7-ITT(R). Ion Engine destroyed. Assault Rifle destroyed. Med. Laser destroyed. Acquired 6 matter. Subatomizers dissect the Disposable Heat Sink. EXIT=FOUND Wheel destroyed. S-10 Pest destroyed. Acquired Flight Unit. Lgt. Ion Engine fries itself beyond repair. Dropped Flight Unit. S-10 Pest destroyed. Map ----- +----------------------------------------------------+ | ?????????????????????????????????????????????????? | | ?????????????????????????????????????????????????? | | ?????????????????????????????????????????????????? | | ?????????????????????????????????????????????????? | | ?????????????????????????????????????????????????? | | ?????????????????????????????????????????????????? | | ?????????????????????????????????????????????????? | | ?????????????????????????????????????????????????? | | ?????????????????????????????????????????????????? | | ?????????????????????????????????????????????????? | | ??????????????? ?????????????????????????????? | | ???????????????## ?????????????????????????????? | | ???????????????## ?????????????????????????????? | | ???????????? #### #???????????????????????????? | | ??????????? #### ##???????????????????????????? | | ??????????? ## ###??????????????????????????? | | ???????????? ####????????????###X?????????? | | ????????????? ###????????????#### ?????? | | ?????????????? ###???????????## #### ###?? | | ??????????????## ###########???## ## #####? | | ??????????????### ##########???## ### #### | | ?????????????#### ##" """##???## ### | | ????????????? ## ## "##???## ## | | ????????????? # [# "###??### ## | | ?????????????## %%[ t""###???### ## | | ?????????????## =@ <##???### | | ????????????### ss t""###??#### ## | | ????? ? #### ### # "###??### ## | | ?????## ### ####### "##???## | | ????### ######" """##??### | | ?## ## ############?#### ## ## | | ?## ### ############### ### ##### | | ?## ##### ###???????### ### *%#### | | ?# ????### ###?????### #### !!# # | | ??? ?????### ############ # # % % | | ??????????#### ######### | | ??????????## ## # # # ## | | ???????? # #### ### | | ???????? ### # ################# | | ?????? ######### ####################### | | ??????## ########### ##########?????????## | | ??????## ##??????### ##?????????????????## # | | ???????? ??????????## ##????????????????### # | | ????????????????????## ##???????????????? ## # | | ????????????????????### ???????????????? | | ????????????????????### ???????????????# | | ??????????????????????? ???????????????## ????? | | ??????????????????????? ##?????????????####????? | | ??????????????????????? ##?????????????####????? | | ??????????????????????? ?????????????????????? | +----------------------------------------------------+ Best States ------------- Heat Dissipation 25 Energy Generation 10 Energy Capacity 250 Matter Stores 300 Matter Capacity 300 Sight Range 16 Terrain Scan Density 10 Evasion (%) 44 Item Schematics ----------------- None Robot Schematics ------------------ None Fabricated ------------ Nothing Repaired ---------- Nothing Alien Tech Used ----------------- None Achievements -------------- None Challenges ------------ None Game ------ Seed DynamicSuperdenseWeb Manual? 0 Play Time 00:10:37 Cumulative 27.2 hours Start 2025.08.30 @ 10:39:19 End 2025.08.30 @ 10:49:01 Sessions 1 Manual Loads 0 Difficulty Rogue Special Mode None Game No. 52 Rogue 52 Adventurer 0 Explorer 0 Win Type - Total 0 Types 0/0/0/0/0/0/0/0/0/0 Lore% 9 Gallery% 23 Achievement% 25 Wizard Run 0 Options --------- Layout 1 ASCII 1 Keyboard 0 Movement Numpad Keybinds 0 Fullscreen 1 Font 24/Cog Map View 50x35 Zoom Use 0% Tactical HUD 0 Map Filters NONE Filters NONE Steam 0 RUN: 63a87526-9615-4f77-8ba0-237353852f95